 Dungeon Crawl Stone Soup version bcrawl-1.19.2-6-g6a88ae04c9 (webtiles) character file.

Game seed: 16575909744530531824

350 Mrkan the Skirmisher (level 6, -4/57 HPs)
             Began as a Hill Orc Fighter on Jan 6, 2020.
             Was an Initiate of Okawaru.
             Slain by a sky beast (6 damage)
             ... on level 4 of the Dungeon.
             The game lasted 00:03:13 (2317 turns).

Mrkan the Skirmisher (Hill Orc Fighter)             Turns: 2317, Time: 00:03:13

Health: -4/57      AC:  7    Str: 19    XL:     6   Next: 60%
Magic:  6/6        EV:  7    Int:  8    God:    Okawaru [......]
Gold:   144        SH:  9    Dex: 12    Spells: 5/5 levels left

rFire    . . .     SeeInvis .   a - +0 war axe
rCold    . . .     Gourm    .   c - +0 shield
rNeg     . . .     Faith    .   b - +0 scale mail
rPois    .         Spirit   .   (no helmet)
rElec    .         Reflect  .   (no cloak)
rCorr    .         Harm     .   (no gloves)
MR       .....                  (no boots)
Stlth    ..........             (no amulet)
HPRegen  0.19/turn              (no ring)
MPRegen  0.10/turn              (no ring)

@: no status effects
A: no striking features
a: Renounce Religion


You were on level 4 of the Dungeon.
You worshipped Okawaru.
Okawaru was noncommittal.
You were near starving.

You visited 2 branches of the dungeon, and saw 5 of its levels.

You collected 144 gold pieces.

Inventory:

Hand Weapons
 a - a +0 war axe (weapon)
Missiles
 j - 2 throwing nets (quivered) {!f}
Armour
 b - a +0 scale mail (worn)
 c - a +0 shield (worn)
Jewellery
 q - an uncursed amulet of the gourmand {unknown}
 r - an uncursed ring of protection from cold {unknown}
 s - a +5 amulet of reflection {unknown}
Scrolls
 e - a scroll of fear {unknown}
 h - a scroll of immolation {unknown}
 i - a scroll of amnesia {unknown}
 m - 4 scrolls of identify {unknown}
Potions
 d - a potion of might
 g - 2 potions of curing {unknown}
 k - a potion of magic {unknown}
 l - 2 potions of heal wounds {unknown}
 n - 2 potions of flight {unknown}
 o - a potion of degeneration {unknown}
 t - a potion of haste {unknown}
Comestibles
 f - 6 rations {!d}


   Skills:
 * Level 5.6 Fighting
   Level 5.6 Short Blades
   Level 5.6 Long Blades
   Level 5.6 Axes
   Level 5.6 Maces & Flails
   Level 5.6 Polearms
   Level 5.6 Staves
 + Level 4.8 Armour
 + Level 4.8 Shields
   Level 5.6 Unarmed Combat


You had 5 spell levels left.
You didn't know any spells.
Your spell library was empty.

Dungeon Overview and Level Annotations

Branches:
Dungeon (4/12)             Temple (1/1) D:4

Altars:
Cheibriados
Dithmenos
Elyvilon
Gozag
Hepliaklqana
Lugonu
Nemelex Xobeh
Okawaru
Qazlal
Sif Muna
Trog
Vehumet
Xom
Yredelemnul
Zin
The Shining One

Annotations:
D:2 Sigmund


Message History

Reactivating autopickup.
You block the sky beast's attack.
You closely miss the sky beast.
The sky beast flickers out of sight!
Deactivating autopickup; reactivate with Ctrl-A.
Something hits you but does no damage.
You slash something! Something hits you but does no damage.
You closely miss something. You block something's attack.
You barely miss something. Something hits you. Something shocks you.
Something hits you. Something shocks you.
* * * LOW HITPOINT WARNING * * *
You miss something. Something completely misses you.
You slash something! Something hits you.
* * * LOW HITPOINT WARNING * * *
Something shocks you.
* * * LOW HITPOINT WARNING * * *
Your scale mail prevents you from hitting something.
Something hits you.
* * * LOW HITPOINT WARNING * * *
Something shocks you.
You die...

##.............#
#................#
###................#
#...........##.##..#
#.#..#...##..#.##..#
#.....#.#..#.#.##..#
#..#..#....#.#.##..#
#..##....#....##..#
#.....@...........#
#..#...{##..#####.#
#....#..#.#####.#
#..#.#..........#
#..##...#..########
#.........##
#####.#.### #...#
###.#


There were no monsters in sight!

Vanquished Creatures
  A sky beast (D:4)
  An ogre (D:4)
  A scorpion (D:4)
  2 hounds
  An ooze (D:2)
  3 worms
  5 dart slugs
  3 leopard geckos
  3 orcs (D:3)
  5 bats
  A giant cockroach (D:1)
  2 goblins (D:2)
  2 hobgoblins
  2 quokkas
  2 ball pythons
  5 frilled lizards
  5 kobolds
  4 rats (D:1)
48 creatures vanquished.

Notes
Turn   | Place    | Note
-------+----------+-------------------------------------------
     0 | D:1      | Mrkan the Hill Orc Fighter began the quest for the Orb.
     0 | D:1      | Reached XP level 1. HP: 20/20 MP: 1/1
   144 | D:1      | Reached XP level 2. HP: 25/27 MP: 2/2
   471 | D:1      | Reached XP level 3. HP: 34/34 MP: 3/3
  1171 | D:2      | Noticed Sigmund
  1335 | D:3      | Reached XP level 4. HP: 38/41 MP: 4/4
  1595 | D:4      | Noticed a sky beast
  1603 | D:4      | Killed a sky beast
  1603 | D:4      | Reached skill level 5 in Fighting
  1603 | D:4      | Reached XP level 5. HP: 33/48 MP: 5/5
  1740 | D:4      | Noticed an ogre
  1753 | D:4      | Killed an ogre
  1753 | D:4      | Reached XP level 6. HP: 7/56 MP: 6/6
  2028 | D:4      | Found a staircase to the Ecumenical Temple.
  2051 | D:4      | Noticed a sky beast
  2061 | Temple   | Entered the Ecumenical Temple
  2219 | Temple   | Became a worshipper of Warmaster Okawaru
  2317 | D:4      | HP: 2/57 [something (2)]
  2317 | D:4      | Slain by a sky beast

Skill      XL: |  1  2  3  4 |
---------------+-------------+-----
Fighting       | 5 |  5.6
Armour         | 4 |  4.8
Shields        | 4 |  4.8
Short Blades   | |  5.6
Long Blades    | |  5.6
Axes           | |  5.6
Maces & Flails | |  5.6
Polearms       | |  5.6
Staves         | |  5.6
Unarmed Combat | |  5.6

Action                   |  1- 3 |  4- 6 || total
-------------------------+-------+-------++-------
Melee: War axe           |    96 |    61 ||   157
  Eat: Chunk             |     1 |     2 ||     3
Armor: Scale mail        |    47 |    20 ||    67
Dodge: Dodged            |    25 |    15 ||    40
Block: Shield            |    50 |    23 ||    73
